 Dungeon Crawl Stone Soup version 0.28-a0-726-g4a9143789a (webtiles) character file.

Game seed: 7367680451296150579

40 cheechan the Skirmisher (level 3, 0/26 HPs)
             Began as an Octopode Fighter on Oct 27, 2021.
             Slain by Terence (6 damage)
             ... on level 2 of the Dungeon.
             The game lasted 00:02:33 (1051 turns).

cheechan the Skirmisher (Octopode Fighter)          Turns: 1051, Time: 00:02:33

Health: 0/26       AC:  1    Str: 16    XL:     3   Next: 50%
Magic:  3/3        EV: 13    Int: 10    God:
Gold:   23         SH:  4    Dex: 11    Spells: 2/2 levels left

rFire   + . .      SeeInvis .   g - +2 dagger (flame)
rCold   . . .      Faith    .   b - +0 buckler
rNeg    . . .      Spirit   .   (helmet restricted)
rPois   .          Reflect  .   (no amulet)
rElec   .          Harm     .   d - ring of willpower
rCorr   .          Rampage  .   e - ring of willpower
Will    ++...                   h - ring of protection from fire
Stlth   ++........              i - ring of wizardry
HPRegen 0.08/turn               (no ring)
MPRegen 0.08/turn               (no ring)
                                (no ring)
                                (no ring)

@: mighty
A: almost no armour, amphibious, 8 rings, camouflage 1, gelatinous body 1,
(nimble swimmer 1), tentacles
a: no special abilities


You were on level 2 of the Dungeon.
You visited 1 branch of the dungeon, and saw 2 of its levels.

You collected 23 gold pieces.

Inventory:

Hand Weapons
 a - a +0 war axe
 g - a +2 dagger of flaming (weapon)
Missiles
 k - 16 bolts
 l - 13 poisoned darts (quivered)
Armour
 b - a +0 buckler (worn)
Jewellery
 d - a ring of willpower (left tentacle)
 e - a ring of willpower (right tentacle)
 h - a ring of protection from fire (on tentacle)
 i - a ring of wizardry (on tentacle)
Scrolls
 f - a scroll of identify
Potions
 j - a potion of curing


   Skills:
 + Level 3.5 Fighting
 + Level 0.2 Short Blades
 + Level 2.4 Axes
 + Level 3.3 Dodging
 + Level 1.1 Stealth
 + Level 3.2 Shields


You had 2 spell levels left.
You didn't know any spells.
Your spell library was empty.

Dungeon Overview and Level Annotations

Branches:
Dungeon (2/15)

Altars:

Annotations:
D:2 Terence


Innate Abilities, Weirdness & Mutations

You cannot wear most types of armour.
You are amphibious.
You can wear up to eight rings at the same time.
Your skin changes colour to match your surroundings (Stealth+).
Your rubbery body absorbs attacks. (AC +1, EV +1)
((You are camouflaged near water. (Stealth+)))
You have tentacles for arms and can constrict up to eight enemies at once.


Message History

The bat misses you.
Throw: 13 darts (poison)
Press: ? - help, Q - select action Shift-Dir - straight line, f - bat
Aim: a bat (heavily wounded, 39% to hit)
You throw a poisoned dart.
The poisoned dart barely misses the bat.
You block the bat's attack.
You hit the bat. You burn the bat.
You kill the bat!
Found a stone staircase leading down.
l - 13 poisoned darts (gained 1)
Found a hand axe.
Found a robe.
Found a scroll labelled FALLATWAMYH.
m - a scroll labelled FALLATWAMYH
As you read the scroll labelled FALLATWAMYH, it crumbles to dust.
You speak a Word of immense power!
It was a scroll of holy word.
You open the door.
Terence the Incautious comes into view.
He is wielding a +0 short sword.
Terence shouts!
There is an open door here.
Terence hits you with a +0 short sword.
You hit Terence. You burn Terence. You grab Terence.
Terence is lightly wounded.
You constrict Terence. Terence hits you with a +0 short sword!
You hit Terence but do no damage. You squeeze Terence, but do no damage.
Terence is lightly wounded.
You constrict Terence. Terence shouts, "Now you die!"
Terence completely misses you.
You hit Terence. You burn Terence.
Terence is heavily wounded.
You constrict Terence, but do no damage.
Terence hits you with a +0 short sword!
* * * LOW HITPOINT WARNING * * *
Okay, then.
Okay, then.
You feel very mighty all of a sudden.
You constrict Terence. Terence hits you with a +0 short sword.
You die...

# #.##+#####
#........#
#.......# #.
#.......####.#
#....@@.....#
#######
########'##.###
#......
#.......###......
#.......'.'......
#.......###......
#.......<##......
#.......###......
#.......# #......
#.......# #.)....


You could see Terence.

Vanquished Creatures
  A dart slug (D:1)
  4 ball pythons (D:1)
  6 bats
  3 endoplasms (D:1)
  4 giant cockroaches (D:1)
  4 goblins (D:1)
  2 hobgoblins (D:1)
  2 jackals (D:1)
  2 quokkas (D:1)
  A kobold (D:1)
  4 rats (D:1)
33 creatures vanquished.

Vanquished Creatures (others)
  A demonic plant (D:2)
1 creature vanquished.

Grand Total: 34 creatures vanquished

Notes
Turn   | Place    | Note
-------+----------+-------------------------------------------
     0 | D:1      | cheechan the Octopode Fighter began the quest for the Orb.
     0 | D:1      | Reached XP level 1. HP: 16/16 MP: 1/1
   246 | D:1      | Reached XP level 2. HP: 7/21 MP: 2/2
   513 | D:1      | Reached XP level 3. HP: 16/26 MP: 3/3
   920 | D:1      | Reached skill level 1 in Stealth
  1044 | D:2      | Noticed Terence
  1051 | D:2      | Slain by Terence

Illustrated notes

Levels and vault maps discovered:
D:1:      lightli_arrival_statue_moat, layout_basic
D:2:      layout_basic, shapermc_ecumenical_altar_gd, st_stairs_7, uniq_terence

Skill      XL: |  1  2  3 |
---------------+----------+-----
Stealth        | 1 |  1.1
Fighting       | |  3.5
Short Blades   | |  0.2
Axes           | |  2.4
Dodging        | |  3.3
Shields        | |  3.2

Action                   || total
-------------------------++-------
Melee: War axe           ||    18
       Constrict         ||     9
       Dagger            ||    34
       Tentacles         ||     7
Throw: Dart              ||     1
  Use: Scroll            ||     2
       Potion            ||     1
 Stab: Sleeping          ||     5
Armor: Skin              ||     5
Dodge: Dodged            ||    33
Block: Buckler           ||     9

Table legend: (Time is in decaauts)
 A = Elapsed time spent in this place.
 B = Non-inter-level travel time spent in this place.
 C = Inter-level travel time spent in this place.
 D = Time resting spent in this place.
 E = Time spent auto-exploring this place.
 F = Levels seen in this place.
 G = Mean time per level.
                   A        B        C        D        E       F      G
               +--------+--------+--------+--------+--------+-----+--------+
         Total |   1056 |   1056 |      0 |    490 |      0 |   2 |  528.0 |
       Dungeon |   1056 |   1056 |      0 |    490 |      0 |   2 |  528.0 |
               +--------+--------+--------+--------+--------+-----+--------+

Top non-repeatable levels by time:
     D:1: 972 daAuts
     D:2: 83 daAuts
